 Dungeon Crawl Stone Soup version 0.31-a0-370-g25055926c8 (webtiles) character file.

Game seed: 18182328889731123473

29 Bnni the Shooter (level 3, -3/22 HPs)
             Began as a Tengu Hunter on July 29, 2023.
             Slain by a goblin
             ... wielding a +0 club
             ... led by Robin
              (6 damage)
             ... on level 2 of the Dungeon.
             The game lasted 00:00:58 (1026 turns).

Bnni the Shooter (Tengu Hunter)                     Turns: 1026, Time: 00:00:59

Health: -3/22      AC:  3    Str: 11    XL:     3   Next: 16%
Magic:  4/4        EV: 12    Int:  9    God:
Gold:   97         SH:  0    Dex: 19    Spells: 2/2 levels left

rFire   . . .        a - +0 shortbow
rCold   . . .        (shield currently unavailable)
rNeg    . . .        c - +0 leather armour
rPois   .            (helmet restricted)
rElec   .            (no cloak)
rCorr   .            (no gloves)
SInv    .            (boots unavailable)
Will    +....        (no amulet)
Stlth   ++           k - ring of willpower
HPRegen 0.23/turn    (no ring)
MPRegen 0.09/turn

%: no passive effects
@: no status effects
A: beak, talons 3
a: no special abilities


You were on level 2 of the Dungeon.
You visited 1 branch of the dungeon, and saw 2 of its levels.

You collected 97 gold pieces.

Inventory:

Hand Weapons
 a - a +0 shortbow (weapon)
Armour
 c - a +0 leather armour (worn)
Jewellery
 k - a ring of willpower (left hand)
Scrolls
 b - a scroll of butterflies
 d - 2 scrolls of teleportation {unknown}
 e - a scroll of amnesia {unknown}
 g - a scroll of enchant armour {unknown}
 i - a scroll of vulnerability {unknown}
 j - a scroll of noise {unknown}
Potions
 f - a potion of cancellation {unknown}
 h - 2 potions of mutation {unknown}


   Skills:
 + Level 2.5 Fighting
 * Level 5.1 Ranged Weapons
 - Level 2.1 Dodging
 - Level 1.0 Stealth


You had 2 spell levels left.
You didn't know any spells.
Your spell library was empty.

Dungeon Overview and Level Annotations

Branches:
Dungeon (2/15)

Altars:

Shops:
D:1 =

Annotations:
D:2 Robin


Innate Abilities, Weirdness & Mutations

You have a beak for a mouth.
You have claws for feet.


Message History

The goblin hits you with a +0 club.
You shoot an arrow. The arrow barely misses the goblin.
The arrow barely misses Robin.
The hobgoblin shouts!
You hear a shout!
Robin throws the goblin at you!
A hobgoblin comes into view.
The goblin hits you with a +0 dagger. The goblin barely misses you.
You hear a shout!
The goblin hits you with a +0 dagger. The goblin attacks as you move away!
The goblin closely misses you. Robin throws the goblin at you!
The goblin hits you with a +0 club.
You shoot an arrow. The arrow closely misses the goblin.
The arrow hits the hobgoblin.
The hobgoblin is almost dead.
The goblin no longer looks unusually strong. x2
The goblin misses you.
A goblin comes into view. It is wielding a +0 club.
The goblin hits you with a +0 club.
You shoot an arrow. The goblin shouts!
The arrow hits the goblin but does no damage.
The hobgoblin no longer looks unusually strong.
Robin says, "A pitiful Tengu like you will never find the ORB!"
The goblin hits you but does no damage.
A goblin comes into view. It is wielding a +0 club.
The goblin hits you with a +0 club.
You shoot an arrow. The arrow barely misses the goblin.
The goblin shouts!
Robin roars a battlecry!
The goblins go into a battle-frenzy!
The goblin hits you with a +0 club. The goblin hits you with a +0 dagger.
* * * LOW HITPOINT WARNING * * *
Unknown command.
You shoot an arrow. The arrow hits the goblin.
The goblin is severely wounded.
A goblin comes into view. It is wielding a +0 dagger.
The goblin hits you with a +0 dagger.
* * * LOW HITPOINT WARNING * * *
The goblin hits you with a +0 club.
You die...

.........#
........ .......
##.....## # #...
.......# # #...#
.....# # #...#
#.g.# # #...#
###@..# # #...#
#gg###....#
######...#####g##
#.#
............g.##
...>........gg#
........gg....#
######...#####.#
#...# #.# #...#
#..


You could see Robin, 3 hobgoblins and 4 goblins.

Vanquished Creatures
  2 ball pythons
  3 bats (D:1)
  4 goblins
  3 hobgoblins (D:1)
  2 jackals (D:1)
  6 kobolds (D:1)
  2 frilled lizards (D:1)
  3 rats (D:1)
25 creatures vanquished.

Notes
Turn   | Place    | Note
-------+----------+-------------------------------------------
     0 | D:1      | Bnni the Tengu Hunter began the quest for the Orb.
     0 | D:1      | Reached XP level 1. HP: 12/12 MP: 2/2
   136 | D:1      | Reached XP level 2. HP: 17/17 MP: 3/3
   562 | D:1      | Found a faded altar of an unknown god.
   575 | D:1      | Reached skill level 5 in Ranged Weapons
   629 | D:1      | Found Kaat's Jewellery Shoppe.
   711 | D:1      | Reached XP level 3. HP: 22/22 MP: 4/4
  1001 | D:2      | Noticed Robin
  1026 | D:2      | Slain by a goblin

Illustrated notes

Levels and vault maps discovered:
D:1:      grunt_arrival_lava_bath, layout_loops_corners, serial_shops, shop,
          hellmonk_ecumenical_altar_dog_temple
D:2:      layout_loops_cross, uniq_robin

Skill      XL: |  1  2 |
---------------+-------+-----
Ranged Weapons | 5 |  5.1
Fighting       | |  2.5
Dodging        | |  2.1
Stealth        | |  1.0

Action                     || total
---------------------------++-------
   Fire: Shortbow          ||    51
 Armour: Leather armour    ||     7
  Dodge: Dodged            ||    15

Table legend: (Time is in decaauts)
 A = Elapsed time spent in this place.
 B = Non-inter-level travel time spent in this place.
 C = Inter-level travel time spent in this place.
 D = Time resting spent in this place.
 E = Time spent auto-exploring this place.
 F = Levels seen in this place.
 G = Mean time per level.
                   A        B        C        D        E       F      G
               +--------+--------+--------+--------+--------+-----+--------+
         Total |   1034 |    991 |     43 |      0 |    872 |   2 |  517.0 |
       Dungeon |   1034 |    991 |     43 |      0 |    872 |   2 |  517.0 |
               +--------+--------+--------+--------+--------+-----+--------+

Top non-repeatable levels by time:
     D:1: 908 daAuts
     D:2: 126 daAuts
